 Dungeon Sprint DCSS version 0.30-a0-1094-g860fb061e7 (webtiles) character file.

Game seed: 12504370430968356514

4585748 fozzywoppz the Conqueror (level 21, 159/246 HPs)
             Began as a Minotaur Fighter on Apr 14, 2023.
             Was the Champion of Qazlal.
             Escaped with the Orb
             ... and 3 runes on Apr 17, 2023!
             The game lasted 01:31:42 (14216 turns).

fozzywoppz the Conqueror (Minotaur Fighter)        Turns: 14216, Time: 01:31:43

Health: 159/246    AC: 54    Str: 30    XL:     21   Next: 31%
Magic:  37/37      EV: 20    Int:  9    God:    Qazlal [******]
Gold:   310        SH: 47    Dex: 17    Spells: 43/43 levels left

rFire   + + +      SeeInvis +    H - +11 broad axe of Growth {flame, rF+ rN+ Dex+2}
rCold   + + +      Faith    .    W - +8 tower shield of the Zealous Slorg {rElec rCorr}
rNeg    + . .      Spirit   .    o - +8 gold dragon scales
rPois   +          Reflect  +    N - +2 hood of the Assassin {Detect Stab+ Stlth++}
rElec   +          Rampage  +    s - +4 cloak
rCorr   +          NoTele   +    L - +0 pair of gloves of Divine Compulsion {Rampage rPois Str+3 SInv}
Will    +++..                    D - +0 pair of boots of the Sea {Will+}
Stlth   +                        w - amulet "Goapseisao" {Reflect rC+ Dex+2 Slay+2 SH+5}
HPRegen 0.61/turn                y - ring of Cakhetsy {rPois rF+ rC+}
MPRegen 0.25/turn                R - ring "Sazoatey" {Will+ AC+4 Stlth+}

@: protected from physical damage, repel missiles
A: horns 2, retaliatory headbutt, clever 1, robust 1, inability to drink after
injury 1
0: Orb of Zot
}: 3/3 runes: silver, golden, iron
a: Renounce Religion, Upheaval, Elemental Force, Disaster Area


You escaped.
You worshipped Qazlal.
Qazlal was exalted by your worship.
You visited 1 branch You collected 310 gold pieces.

Inventory:

Hand Weapons
 a - a +9 broad axe of electrocution
 b - the +13 sceptre of Asmodeus
   (You took it off Asmodeus in the Dungeon)

   Fire Summon: It may summon demons of flame and damnation when striking foes.
 t - the +9 broad axe "Uluylail" {drain, rC+++ rCorr Dex+4 SInv}
   (You found it in the Dungeon)

   Dex:       It affects your dexterity (+4).
   rC:        It renders you almost immune to cold.
   SInv:      It lets you see invisible.
   rCorr:     It protects you from acid and corrosion.
 H - the +11 broad axe of Growth (weapon) {flame, rF+ rN+ Dex+2}
   (You found it in the Dungeon)

   Dex:       It affects your dexterity (+2).
   rF:        It protects you from fire.
   rN:        It protects you from negative energy.
 V - the +7 battleaxe of Patterns {antimagic, rElec Str+6}
   (You found it in the Dungeon)

   Str:       It affects your strength (+6).
   rElec:     It insulates you from electricity.
 Z - a +5 sacred scourge of holy wrath
Missiles
 q - 4 silver javelins (quivered)
Armour
 g - a +1 tower shield of protection
 o - +8 gold dragon scales (worn)
 p - the orb of Dispater {+Damnation *Corrode AC+5}
   (You took it off Dispater in the Dungeon)

   +Damnation: It grants the ability to hurl damnation at the cost of health and
   magic, with strength depending on Evocations skill.
   AC:        It affects your AC (+5).
   *Corrode:  It may corrode you when you take damage.
 s - a +4 cloak (worn)
 D - the +0 pair of boots of the Sea (worn) {Will+}
   (You found it in the Dungeon)

   Will:      It increases your willpower.
 L - the +0 pair of gloves of Divine Compulsion (worn) {Rampage rPois Str+3 SInv}
   (You found it in the Dungeon)

   Str:       It affects your strength (+3).
   rPois:     It protects you from poison.
   SInv:      It lets you see invisible.
   Rampage:   It bestows one free step when moving towards enemies.
 N - the +2 hood of the Assassin (worn) {Detect Stab+ Stlth++}
   (You found it in the Dungeon)

   Detect:    It allows the wearer to sense nearby creatures.
   Stab+:     It allows the wearer to make particularly effective stabbing
   attacks against helpless or unaware enemies with any weapon.
   Stlth:     It makes you much more stealthy.
 W - the +8 tower shield of the Zealous Slorg (worn) {rElec rCorr}
   (You took it off a daeva in the Dungeon)

   rElec:     It insulates you from electricity.
   rCorr:     It protects you from acid and corrosion.
Jewellery
 l - the ring "Cisuhutz" {Contam rElec rPois rCorr}
   (You found it in the Dungeon)

   [ring of resist corrosion]

   rElec:     It insulates you from electricity.
   rPois:     It protects you from poison.
   Contam:    It causes magical contamination when unequipped.
   rCorr:     It protects you from acid and corrosion.
 w - the amulet "Goapseisao" (around neck) {Reflect rC+ Dex+2 Slay+2 SH+5}
   (You found it in the Dungeon)

   [amulet of reflection]

   It reflects blocked missile attacks.
   Dex:       It affects your dexterity (+2).
   Slay:      It affects your accuracy & damage with ranged weapons and melee
   (+2).
   rC:        It protects you from cold.
   SH:        It affects your SH (+5).
 y - the ring of Cakhetsy (left hand) {rPois rF+ rC+}
   (You found it in the Dungeon)

   [ring of protection from fire]

   rF:        It protects you from fire.
   rC:        It protects you from cold.
   rPois:     It protects you from poison.
 A - a +4 ring of protection
 F - the ring of Putenoij {+Blink Fly rPois}
   (You found it in the Dungeon)

   [ring of flight]

   rPois:     It protects you from poison.
   Fly:       It grants you flight.
   +Blink:    It lets you blink.
 Q - the ring of Cowardice {*Slow Fly rPois rC+++ Will+}
   (You found it in the Dungeon)

   [ring of willpower]

   rC:        It renders you almost immune to cold.
   rPois:     It protects you from poison.
   Fly:       It grants you flight.
   *Slow:     It may slow you when you take damage.
   Will:      It increases your willpower.
 R - the ring "Sazoatey" (right hand) {Will+ AC+4 Stlth+}
   (You found it in the Dungeon)

   [ring of protection]

   AC:        It affects your AC (+4).
   Will:      It increases your willpower.
   Stlth:     It makes you more stealthy.
 U - the ring "Pyfomor" {rF+ rC+ Int+3}
   (You found it in the Dungeon)

   [ring of protection from fire]

   Int:       It affects your intelligence (+3).
   rF:        It protects you from fire.
   rC:        It protects you from cold.
 X - the ring of Deavob Feku {rPois rF+ Int+6}
   (You found it in the Dungeon)

   [ring of intelligence]

   Int:       It affects your intelligence (+6).
   rF:        It protects you from fire.
   rPois:     It protects you from poison.
Wands
 d - a wand of paralysis (12)
 n - a wand of quicksilver (5)
 r - a wand of roots (4)
 v - a wand of flame (15)
 z - a wand of mindburst (9)
 J - a wand of polymorph (9)
Scrolls
 c - a scroll of enchant weapon
 j - a scroll of poison
 m - a scroll of butterflies
 u - 2 scrolls of identify
 B - a scroll of magic mapping
 C - 2 scrolls of fog
 Y - 2 scrolls of brand weapon
Potions
 e - 11 potions of curing
 f - 4 potions of heal wounds
 h - 9 potions of magic
 i - 6 potions of berserk rage
 k - 3 potions of invisibility
 x - 4 potions of mutation
 E - a potion of haste
 G - a potion of cancellation
 K - a potion of attraction
 S - a potion of ambrosia
Miscellaneous
 I - a lightning rod (4/4)
 M - a phial of floods
 O - the horn of Geryon
 P - a phantom mirror


   Skills:
 O Level 27 Fighting
 O Level 27 Axes
 O Level 27 Maces & Flails
 O Level 27 Polearms
 O Level 27 Staves
 O Level 27 Throwing
 O Level 27 Armour
 O Level 27 Dodging
 + Level 12.7 Stealth
 O Level 27 Shields
 * Level 20.5 Unarmed Combat
 + Level 11.9 Spellcasting
 O Level 27 Invocations
 O Level 27 Evocations


You had 43 spell levels left.
You didn't know any spells.
Your spell library contained the following spells:

 Spells                   Type           Power      Damage    Failure   Level
 Apportation              Tloc           10%        N/A       54%         1
 Foxfire                  Conj/Fire      20%        2x1d5     54%         1
 Magic Dart               Conj           20%        1d4       54%         1
 Shock                    Conj/Air       20%        1d4       54%         1
 Blink                    Tloc           10%        N/A       67%         2
 Cigotuvi's Dreadful Rot  Necr/Pois/Air  10%        N/A       67%         2
 Lesser Beckoning         Tloc           10%        N/A       67%         2
 Momentum Strike          Conj/Tloc      10%        3d8       67%         2
 Passwall                 Tmut/Erth      4%         N/A       67%         2
 Scorch                   Fire           10%        2d5       67%         2
 Searing Ray              Conj           10%        2d4       67%         2
 Static Discharge         Conj/Air       10%        2-3/arc   67%         2
 Call Canine Familiar     Summ           5%         N/A       88%         3
 Dazzling Flash           Conj/Hex       10%        N/A       88%         3
 Frozen Ramparts          Ice            10%        1d2       88%         3
 Gell's Gravitas          Tloc           5%         N/A       88%         3
 Ignite Poison            Fire/Tmut/Pois 5%         N/A       88%         3
 Ozocubu's Armour         Ice            5%         N/A       88%         3
 Portal Projectile        Hex/Tloc       10%        N/A       88%         3
 Stone Arrow              Conj/Erth      10%        3d7       88%         3
 Summon Guardian Golem    Hex/Summ       5%         N/A       88%         3
 Swiftness                Air            5%         N/A       88%         3
 Vhi's Electric Charge    Tloc/Air       10%        N/A       88%         3
 Volatile Blastmotes      Fire/Tloc      10%        2d10      88%         3
 Airstrike                Air            2%         2d(1-17)  99%         4
 Cause Fear               Hex            2%         N/A       99%         4
 Dispel Undead            Necr           5%         3d7       99%         4
 Fulminant Prism          Conj/Hex       2%         3d5       99%         4
 Iskenderun's Mystic Bla  Conj/Tloc      5%         2d3       99%         4
 Leda's Liquefaction      Hex/Erth       2%         N/A       99%         4
 Passage of Golubria      Tloc           5%         N/A       99%         4
 Summon Lightning Spire   Summ/Air       5%         N/A       99%         4
 Agony                    Necr           5%         N/A       100%        5
 Arcjolt                  Conj/Air       2%         1d12      100%        5
 Blade Hands              Tmut           2%         N/A       100%        5
 Irradiate                Conj/Tmut      2%         3d12      100%        5
 Silence                  Hex/Air        2%         N/A       100%        5
 Yara's Violent Unravell  Hex/Tmut       2%         3d3       100%        5
 Conjure Ball Lightning   Conj/Air       2%         3x3d6     100%        6
 Death Channel            Necr           2%         N/A       100%        6
 Simulacrum               Ice/Necr       2%         N/A       100%        6
 Starburst                Conj/Fire      2%         6d3       100%        6
 Dragon Form              Tmut           2%         N/A       100%        7
 Haunt                    Necr/Summ      2%         N/A       100%        7
 Malign Gateway           Summ/Tloc      2%         N/A       100%        7
 Monstrous Menagerie      Summ           2%         N/A       100%        7
 Ozocubu's Refrigeration  Ice            2%         4d8       100%        7
 Storm Form               Tmut/Air       2%         N/A       100%        7
 Discord                  Hex            2%         N/A       100%        8
 Disjunction              Tloc           2%         N/A       100%        8
 Infestation              Necr           2%         N/A       100%        8
 Lehudib's Crystal Spear  Conj/Erth      2%         10d2      100%        8
 Maxwell's Capacitive Co  Air            2%         ∞         100%        8
 Dragon's Call            Summ           2%         N/A       100%        9
 Polar Vortex             Ice            2%         N/A       100%        9


Dungeon Overview and Level Annotations

Branches:
Dungeon (1/1)

Altars:
Ashenzari
Cheibriados
Dithmenos
Elyvilon
Fedhas
Gozag
Hepliaklqana
Kikubaaqudgha
Makhleb
Nemelex Xobeh
Okawaru
Qazlal
Ru
Sif Muna
Trog
Uskayaw
Vehumet
Wu Jian
Xom
Yredelemnul
Zin
The Shining One
Jiyva
Lugonu


Innate Abilities, Weirdness & Mutations

You have a pair of horns on your head.
You reflexively headbutt those who attack you in melee.
Your mind is acute. (Int +4, Str/Dex -1)
You are robust. (+10% HP)
You occasionally lose the ability to drink potions when taking damage.


Message History

You slice the Executioner!! You burn the Executioner.
You headbutt the Executioner, but do no damage.
The Executioner is moderately wounded.
The Executioner is engulfed in blazing flames.
You block the Executioner's attack. x3
You slice the Executioner!! You burn the Executioner.
The Executioner is severely wounded.
The Executioner is engulfed in blazing flames.
The Executioner gestures.
The Executioner seems to speed up.
The Executioner is engulfed in blazing flames.
You block the Executioner's attack. x3
You closely miss the Executioner.
The Executioner is almost dead.
You slash the large abomination! You burn the large abomination.
You block the Executioner's attack. x3
The Executioner is engulfed in blazing flames.
The Executioner hits you!
You feel protected from physical attacks.
The Executioner closely misses you. The Executioner misses you.
You slash the Executioner! You burn the Executioner.
The Executioner is almost dead.
You hit the large abomination. You burn the large abomination.
You block the Executioner's attack. x3
You block the large abomination's attack.
The Executioner is engulfed in blazing flames.
You kill the Executioner!
Qazlal accepts your kill.
You block the large abomination's attack.
There is a huge open gate to the Metal Vault (Medium) here.
You slice the large abomination!! You burn the large abomination!
You destroy the large abomination!
Qazlal accepts your kill.
There is a huge open gate to the Metal Vault (Medium) here.
Unknown command.
There is a huge open gate to the Metal Vault (Medium) here.
There is an open door to the Entrance Hall (Safe) here.
Your protection from physical attacks is fading.
There is a staircase leading out of the dungeon here.
You have escaped!

##########.##................''..
#...........'...............)[)..
#'#####'#####......#..#....).##..
#.#..#.)#..##................##{.
#.#..)..#))#####'#####''#########
#.#..####))##..○....##''# ######
#.#..#..#).##.§○§.°.##..# ##.÷...
#.#..#..#.[##....°..##..# #..#+#.
#.##'#..#[###..°@...##..##..##.##
#.#...)....##.....☼.##..##.##...#
#.#........##.....○.##..####.....
#)###########.......##...##......
#.......#.. ##########....'......
#..###..#.############...##......
#.......#.#....#....##..####.....
##.###.##)#)...#..[.##..##.##...#
#.......#.)†...'..).##..##..##.##


There were no monsters in sight!

Vanquished Creatures
  8 pandemonium lords (D)
  Asmodeus (D)
  the Royal Jelly (D)
  Ereshkigal (D)
  Dissolution (D)
  An ancient lich (D)
  Dispater (D)
  Tiamat (D)
  Khufu (D)
  An orb of fire (D)
  Mennas (D)
  Mara (D)
  7 royal mummies (D)
  Frederick (D)
  A Killer Klown (D)
  the Lernaean hydra (D)
  Saint Roka (D)
  Margery (D)
  Xtahua (D)
  Geryon (D)
  4 golden dragons (D)
  Nikola (D)
  4 curse toes (D)
  7 pearl dragons (D)
  Jory (D)
  2 profane servitors (D)
  2 bone dragons (D)
  4 Brimstone Fiends (D)
  2 Ice Fiends (D)
  4 electric golems (D)
  A hellephant (D)
  3 Hell Sentinels (D)
  28 Orb Guardians (D)
  A tentacled monstrosity (D)
  3 liches (D)
  A deep elf blademaster (D)
  5 acid blobs (D)
  3 quicksilver dragons (D)
  13 titans (D)
  2 deep elf master archers (D)
  2 death cobs (D)
  Frances (D)
  2 sphinxes (D)
  2 Executioners (D)
  2 shadow dragons (D)
  Kirke (D)
  A storm dragon (D)
  3 azure jellies (D)
  3 rockslimes (D)
  Ilsuiw (D)
  2 nagarajas (D)
  29 daevas (D)
  2 fire giants (D)
  4 iron dragons (D)
  Donald (D)
  A draconian monk (D)
  A draconian scorcher (D)
  4 deep elf sorcerers (D)
  A ghost moth (D)
  2 balrugs (D)
  4 draconian shifters (D)
  26 angels (D)
  A war gargoyle (D)
  17 orc warlords (D)
  2 spriggan defenders (D)
  3 reapers (D)
  3 quicksilver oozes (D)
  An apis (D)
  A stone giant (D)
  An ophan (D)
  2 deep elf annihilators (D)
  3 deep elf demonologists (D)
  2 white draconians (D)
  6 red draconians (D)
  2 black draconians (D)
  3 purple draconians (D)
  3 green draconians (D)
  2 lorocyprocas (D)
  5 dire elephants (D)
  7 yellow draconians (D)
  A minotaur (D)
  2 eidola (D)
  2 blizzard demons (D)
  A deep elf death mage (D)
  6 green deaths (D)
  3 fire dragons (D)
  3 yaktaur captains (D)
  4 deep elf high priests (D)
  A great orb of eyes (D)
  2 ice dragons (D)
  3 vault guards (D)
  4 hydras (D)
  2 anacondas (D)
  An ogre mage (D)
  A hell beast (D)
  A centaur warrior (D)
  A spriggan air mage (D)
  4 hell hogs (D)
  A boulder beetle (D)
  3 two-headed ogres (D)
  A merfolk avatar (D)
  An iron elemental (D)
  5 orc high priests (D)
  3 naga warriors (D)
  2 dancing weapons (D)
  2 spriggan berserkers (D)
  2 death yaks (D)
  A soul eater (D)
  10 hell knights (D)
  A sun demon (D)
  2 deep elf knights (D)
  A fire crab (shapeshifter) (D)
  2 fire crabs (D)
  An iron troll (D)
  8 skeletal warriors (D)
  24 cherubim (D)
  2 swamp dragons (D)
  A bog body (D)
  A spriggan druid (D)
  26 orc knights (D)
  A flayed ghost (D)
  A deep elf archer (D)
  3 wizards (D)
  2 lindwurms (D)
  A deep elf zephyrmancer (D)
  2 deep elf pyromancers (D)
  5 necromancers (D)
  3 orc sorcerers (D)
  2 moths of wrath (D)
  2 elephants (D)
  A guardian serpent (D)
  A molten gargoyle (D)
  An eye of devastation (D)
  2 gargoyles (D)
  2 naga magi (D)
  4 kobold demonologists (D)
  2 hellions (D)
  2 orange demons (D)
  A cane toad (D)
  A komodo dragon (D)
  3 rime drakes (D)
  7 yaktaurs (D)
  4 ice devils (D)
  2 freezing wraiths (D)
  2 guardian mummies (D)
  A polar bear (D)
  A wandering mushroom (D)
  2 hornets (D)
  2 wind drakes (D)
  3 blink frogs (D)
  A raiju (shapeshifter) (D)
  4 dream sheep (D)
  A jumping spider (D)
  A spriggan (D)
  A ynoxinul (D)
  4 large abominations (D)
  A vampire (D)
  6 hogs (D)
  2 golden eyes (D)
  3 redbacks (D)
  A fire elemental (D)
  A wraith (D)
  3 vampire mosquitoes (D)
  A small abomination (D)
  A warg (D)
  2 floating eyes (D)
  22 orc warriors (D)
  A black bear (shapeshifter) (D)
  3 ogres (D)
  A sky beast (D)
  A black bear (D)
  2 centaurs (D)
  3 kobold brigands (D)
  Blork the orc (D)
  A bullfrog (D)
  A gnoll sergeant (D)
  A scorpion (D)
  A necrophage (D)
  2 wights (D)
  5 killer bees (D)
  A crimson imp (D)
  2 orc priests (D)
  2 orc wizards (D)
  A hell rat (D)
  3 mummies (D)
  An adder (D)
  2 white imps (D)
  An ufetubus (D)
  3 adder skeletons (D)
  An adder simulacrum (D)
  3 orcs (D)
  2 bat skeletons (D)
  A giant cockroach (D)
  2 goblins (D)
  7 jackals (D)
  4 kobolds (D)
  2 quokkas (D)
  A ball python skeleton (D)
  A bat (D)
  A frilled lizard (D)
  A quokka simulacrum (D)
  2 quokka zombies (D)
613 creatures vanquished.

Vanquished Creatures (collateral kills)
  A pandemonium lord (D)
  A yellow draconian (D)
  A hellion (D)
3 creatures vanquished.

Vanquished Creatures (others)
  A sphinx (D)
  A hell beast (D)
  2 two-headed ogres (D)
  A skeletal warrior (D)
  A yaktaur (D)
  A troll (D)
  A human (D)
  An ogre (D)
  A small abomination (D)
  An orc (D)
11 creatures vanquished.

Grand Total: 627 creatures vanquished

Notes
Turn   | Place    | Note
-------+----------+-------------------------------------------
     0 | D        | fozzywoppz the Minotaur Fighter began the quest for the
                  | Orb.
     0 | D        | Reached XP level 1. HP: 19/19 MP: 0/0
    45 | D        | Found a glowing golden altar of the Shining One.
    45 | D        | Found a glowing silver altar of Zin.
    45 | D        | Found a basalt altar of Yredelemnul.
    45 | D        | Found a shimmering altar of Xom.
    45 | D        | Found an ornate altar of the Wu Jian Council.
    45 | D        | Found a bloodstained altar of Trog.
    45 | D        | Found a shimmering blue altar of Sif Muna.
    45 | D        | Found a sacrificial altar of Ru.
    45 | D        | Found a stormy altar of Qazlal.
    45 | D        | Found an iron altar of Okawaru.
    45 | D        | Found a sparkling altar of Nemelex Xobeh.
    45 | D        | Found a burning altar of Makhleb.
    45 | D        | Found a viscous altar of Jiyva.
    45 | D        | Found a hazy altar of Hepliaklqana.
    45 | D        | Found an opulent altar of Gozag.
    45 | D        | Found a blossoming altar of Fedhas.
    45 | D        | Found a white marble altar of Elyvilon.
    45 | D        | Found a shadowy altar of Dithmenos.
    45 | D        | Found a snail-covered altar of Cheibriados.
    46 | D        | Found a radiant altar of Vehumet.
    46 | D        | Found a corrupted altar of Lugonu.
    47 | D        | Found a hide-covered altar of Uskayaw.
    47 | D        | Found an ancient bone altar of Kikubaaqudgha.
    47 | D        | Found a broken altar of Ashenzari.
    50 | D        | Became a worshipper of Qazlal Stormbringer
    68 | D        | Reached * piety under Qazlal
    70 | D        | Reached skill level 1 in Invocations
    75 | D        | Reached ** piety under Qazlal
    76 | D        | Reached XP level 2. HP: 20/27 MP: 1/1
   112 | D        | Noticed a scorpion
   117 | D        | Reached *** piety under Qazlal
   118 | D        | Killed a scorpion
   119 | D        | Reached skill level 5 in Fighting
   119 | D        | Reached skill level 5 in Axes
   119 | D        | Reached skill level 5 in Armour
   119 | D        | Reached skill level 5 in Shields
   119 | D        | Reached XP level 3. HP: 19/37 MP: 2/4
   119 | D        | Reached XP level 4. HP: 23/44 MP: 2/5
   228 | D        | Noticed a bullfrog
   231 | D        | Noticed a black bear
   234 | D        | Noticed a centaur
   235 | D        | Killed a bullfrog
   236 | D        | Reached XP level 5. HP: 50/51 MP: 5/7
   240 | D        | Reached **** piety under Qazlal
   244 | D        | Killed a black bear
   245 | D        | Reached skill level 5 in Invocations
   248 | D        | Killed a centaur
   249 | D        | Reached XP level 6. HP: 60/61 MP: 6/9
   276 | D        | Reached ***** piety under Qazlal
   277 | D        | Reached skill level 1 in Dodging
   381 | D        | Noticed a sky beast
   393 | D        | Reached XP level 7. HP: 49/69 MP: 10/10
   515 | D        | Noticed a flayed ghost
   515 | D        | Noticed a kobold demonologist
   515 | D        | Noticed a kobold demonologist
   518 | D        | Noticed an ice devil
   529 | D        | Noticed a chaos spawn
   529 | D        | Killed a kobold demonologist
   530 | D        | Reached skill level 5 in Dodging
   533 | D        | Noticed a soul eater
   534 | D        | Killed a kobold demonologist
   535 | D        | Reached skill level 10 in Fighting
   535 | D        | Reached skill level 10 in Axes
   535 | D        | Reached skill level 10 in Armour
   535 | D        | Reached XP level 8. HP: 60/81 MP: 11/13
   538 | D        | Killed a flayed ghost
   540 | D        | Reached ****** piety under Qazlal
   723 | D        | Noticed an elephant
   724 | D        | Noticed a freezing wraith
   734 | D        | Killed an elephant
   735 | D        | Reached XP level 9. HP: 90/90 MP: 13/15
   750 | D        | Killed a freezing wraith
   892 | D        | Noticed a guardian mummy
   892 | D        | Noticed a rime drake
   892 | D        | Noticed a fire crab
   892 | D        | Noticed a five-headed hydra
   900 | D        | Killed a five-headed hydra
   901 | D        | Reached skill level 10 in Invocations
   910 | D        | Killed a rime drake
   912 | D        | Killed a guardian mummy
   914 | D        | Killed a fire crab
   915 | D        | Reached skill level 10 in Dodging
   915 | D        | Reached XP level 10. HP: 76/103 MP: 8/17
   927 | D        | Noticed an orange demon
   927 | D        | Noticed a deep elf pyromancer
   927 | D        | Noticed a cane toad
   929 | D        | Killed a deep elf pyromancer
   930 | D        | Killed a cane toad
   934 | D        | Killed an orange demon
   946 | D        | Noticed an anaconda
   950 | D        | Noticed a lindwurm
   954 | D        | Killed an anaconda
   954 | D        | Noticed a bog body
   955 | D        | Reached skill level 15 in Fighting
   955 | D        | Reached skill level 15 in Axes
   957 | D        | Killed a lindwurm
   957 | D        | Noticed a guardian serpent
   962 | D        | Killed a bog body
   975 | D        | Killed a guardian serpent
  1191 | D        | Reached XP level 11. HP: 80/112 MP: 20/20
  1214 | D        | Noticed Blork the orc
  1214 | D        | Noticed a four-headed hydra
  1214 | D        | Noticed a death yak
  1222 | D        | Killed Blork the orc
  1223 | D        | Killed a six-headed hydra
  1230 | D        | Reached skill level 15 in Invocations
  1246 | D        | Noticed an eidolon
  1259 | D        | Noticed a sun demon
  1280 | D        | Killed an eidolon
  1282 | D        | Killed a death yak
  1617 | D        | Got the ring of Putenoij {+Blink Fly rPois}
  1702 | D        | Noticed a death yak
  1715 | D        | Killed a death yak
  1739 | D        | Noticed a boulder beetle
  1748 | D        | Killed a boulder beetle
  1759 | D        | Noticed an anaconda
  1773 | D        | Killed an anaconda
  1795 | D        | Noticed a two-headed ogre
  1806 | D        | Killed a two-headed ogre
  1814 | D        | Noticed a death cob
  1827 | D        | Killed a death cob
  1828 | D        | Reached skill level 10 in Shields
  1828 | D        | Reached XP level 12. HP: 51/122 MP: 18/24
  1996 | D        | Noticed a hell hog
  1996 | D        | Noticed a hell hog
  1996 | D        | Noticed a hell hog
  1997 | D        | Noticed an orc warlord
  1997 | D        | Noticed an orc warlord
  1998 | D        | Noticed a hell hog
  2004 | D        | Killed a hell hog
  2007 | D        | Killed a hell hog
  2010 | D        | Killed a hell hog
  2010 | D        | Killed an orc warlord
  2010 | D        | Killed a hell hog
  2044 | D        | Killed an orc warlord
  2367 | D        | Noticed a vault guard
  2380 | D        | Killed a vault guard
  2404 | D        | Noticed a yaktaur captain
  2405 | D        | Noticed a vault guard
  2405 | D        | Noticed a naga warrior
  2405 | D        | Noticed an eidolon
  2414 | D        | Killed an eidolon
  2416 | D        | Killed a yaktaur captain
  2417 | D        | Reached skill level 15 in Armour
  2417 | D        | Reached XP level 13. HP: 108/136 MP: 22/25
  2418 | D        | Noticed a shadow dragon
  2431 | D        | Killed a shadow dragon
  2446 | D        | Noticed a deep elf blademaster
  2458 | D        | Killed a deep elf blademaster
  2459 | D        | Reached skill level 15 in Dodging
  2783 | D        | Upgraded the game from 0.30-a0-1075-gcd70e7a56d to
                  | 0.30-a0-1085-g990a428a5c
  2998 | D        | Noticed a titan
  2998 | D        | Noticed a white draconian
  2998 | D        | Noticed Ilsuiw
  3024 | D        | Killed a titan
  3030 | D        | Killed Ilsuiw
  3039 | D        | Killed a white draconian
  3243 | D        | Noticed Frances
  3244 | D        | Noticed a sphinx
  3245 | D        | Noticed a yellow draconian
  3247 | D        | Noticed a deep elf annihilator
  3249 | D        | Killed a deep elf annihilator
  3249 | D        | Killed a sphinx
  3249 | D        | Killed a yellow draconian
  3249 | D        | Killed Frances
  3305 | D        | Noticed a deep elf sorcerer
  3306 | D        | Noticed a deep elf sorcerer
  3306 | D        | Noticed a lich
  3307 | D        | Killed a deep elf sorcerer
  3312 | D        | Killed a deep elf sorcerer
  3313 | D        | Killed a lich
  3314 | D        | Reached XP level 14. HP: 127/149 MP: 18/27
  3519 | D        | Noticed a lich
  3541 | D        | Killed a lich
  3559 | D        | Noticed an ophan
  3561 | D        | Killed an ophan
  3696 | D        | Noticed a sphinx
  3699 | D        | Paralysed by a sphinx for 2 turns
  3706 | D        | Killed a sphinx
  3715 | D        | Noticed a daeva
  3740 | D        | Killed a daeva
  3983 | D        | Got the Volume of Shifting Misery
  3987 | D        | Got the Cyclopedia of the Translocated Legion
  3999 | D        | Got the Papyrus of Algor and Allies
  4003 | D        | Noticed a lich
  4009 | D        | Killed a lich
  4009 | D        | Noticed a Killer Klown
  4029 | D        | Killed a Killer Klown
  4030 | D        | Reached skill level 15 in Shields
  4049 | D        | Got the Omnibus of Red-Hot Darkness
  4052 | D        | Got the Lectures on Alteration and Contaminants
  4132 | D        | Got the amulet "Goapseisao" {Reflect rC+ Dex+2 Slay+2 SH+5}
  4138 | D        | Got the amulet "Qamublae" {Reflect Fly SH+5}
  4141 | D        | Got the amulet "Dauvanue" {RegenMP Contam rElec rCorr
                  | Slay+5}
  4143 | D        | Got the ring of the Green Grape {+Blink rF- Will+++ rCorr
                  | Int-2}
  4145 | D        | Got the amulet of Vouloodo {Spirit rElec}
  4147 | D        | Got the amulet "Durrofi" {RegenMP Regen+}
  4149 | D        | Got the amulet "Atwuroe" {rC- rN+++ Regen+ Int+3 Dex+3}
  4152 | D        | Got the amulet of the Twisting Priest {Regen+ Str+4}
  4154 | D        | Got the amulet "Engujosu" {Faith rN+ Slay+3}
  4156 | D        | Got the amulet of Melee {RegenMP Contam rElec rF++}
  4159 | D        | Got the amulet of Suicidal Tendencies {Reflect rF+++ Will+
                  | Str-4 Int-3 SH+5}
  4161 | D        | Got the amulet of Zaimalua {Reflect Will+ Str-5 Int+2 SH+5}
  4163 | D        | Got the amulet of the Morning {RegenMP Will+ Int+5}
  4189 | D        | Got the ring "Byrroxt" {*Slow rElec rPois rC+ Stlth+}
  4191 | D        | Got the ring of Cakhetsy {rPois rF+ rC+}
  4193 | D        | Got the ring of the Enfolding Hero {Fire rElec rN+ Will+}
  4195 | D        | Got the ring "Syeff" {rPois rF+ Int+3}
  4197 | D        | Got the ring "Uchyz" {rPois rN+ Stlth+}
  4200 | D        | Got the ring of Ytumauw Oda {rElec rN+}
  4202 | D        | Got the ring "Toexzet" {rPois Will+ rCorr Str-5}
  4204 | D        | Got the ring of Creativity {Fire rPois Will- Dex+2}
  4206 | D        | Got the ring "Pyfomor" {rF+ rC+ Int+3}
  4210 | D        | Got the ring of Otyv {Ice rPois}
  4213 | D        | Got the ring "Cawk" {Will+ Dex+2}
  4215 | D        | Got the ring "Wivagaod" {rPois Will+}
  4344 | D        | Noticed a profane servitor
  4350 | D        | Noticed a death cob
  4369 | D        | Killed a profane servitor
  4376 | D        | Noticed a curse toe
  4380 | D        | Killed a death cob
  4386 | D        | Noticed Donald
  4389 | D        | Killed a curse toe
  4395 | D        | Killed Donald
  4400 | D        | Identified the +6 short sword of Lemetrit {flame, Int+3
                  | Dex+3}
  4425 | D        | Reached skill level 5 in Throwing
  4450 | D        | Got Neiguq's Omnibus of the Figure and the Escort
  4454 | D        | Got the +1 broad axe of Daapsusu {protect, rElec rC+}
  4610 | D        | Noticed a nagaraja
  4611 | D        | Noticed a spriggan defender
  4614 | D        | Killed a spriggan defender
  4614 | D        | Killed a nagaraja
  4652 | D        | Reached XP level 15. HP: 163/163 MP: 23/29
  4673 | D        | Noticed Kirke
  4681 | D        | Noticed a deep elf sorcerer
  4683 | D        | Killed Kirke
  4690 | D        | Killed a deep elf sorcerer
  4715 | D        | Noticed Nikola
  4716 | D        | Noticed Saint Roka
  4723 | D        | Noticed a sphinx
  4728 | D        | Killed a sphinx
  4729 | D        | Killed Nikola
  4744 | D        | Killed Saint Roka
  4791 | D        | Identified the +1 short sword "Tacae" {heavy, rCorr}
  4822 | D        | Noticed a fire giant
  4837 | D        | Killed a fire giant
  4956 | D        | Noticed a nagaraja
  4963 | D        | Killed a nagaraja
  4964 | D        | Reached skill level 10 in Throwing
  5113 | D        | Noticed a deep elf master archer
  5129 | D        | Killed a deep elf master archer
  5155 | D        | Identified the ring of Giggoebb {rElec rPois Str+3 Int+4
                  | Slay-3}
  5155 | D        | Noticed a royal mummy
  5162 | D        | Noticed an emperor scorpion
  5176 | D        | Killed a royal mummy
  5201 | D        | Got Vehumet's Omnibus of Outbursts
  5328 | D        | Upgraded the game from 0.30-a0-1085-g990a428a5c to
                  | 0.30-a0-1094-g860fb061e7
  5439 | D        | Got the +0 pair of gloves of Divine Compulsion {Rampage
                  | rPois Str+3 SInv}
  5733 | D        | Noticed a Brimstone Fiend
  5741 | D        | Killed a Brimstone Fiend
  5742 | D        | Reached skill level 1 in Evocations
  5937 | D        | Noticed Geryon
  5967 | D        | Killed Geryon
  6059 | D        | Noticed a titan
  6063 | D        | Killed a titan
  6066 | D        | Noticed an electric golem
  6066 | D        | Noticed Teng the pandemonium lord
  6085 | D        | Killed Teng the pandemonium lord
  6086 | D        | Reached XP level 16. HP: 61/179 MP: 31/31
  6099 | D        | Killed an electric golem
  6100 | D        | Reached skill level 5 in Evocations
  6111 | D        | Noticed a pearl dragon
  6121 | D        | Killed a pearl dragon
  6135 | D        | Noticed a pearl dragon
  6145 | D        | Killed a pearl dragon
  6251 | D        | Noticed a quicksilver dragon
  6259 | D        | Killed a quicksilver dragon
  6262 | D        | Noticed a titan
  6267 | D        | Killed a titan
  6270 | D        | Noticed the 27-headed Lernaean hydra
  6276 | D        | Killed the 27-headed Lernaean hydra
  6489 | D        | Found the ring of the Mage {Wiz Archmagi}
  6586 | D        | Reached skill level 27 in Fighting
  6623 | D        | Reached skill level 15 in Throwing
  6804 | D        | Reached skill level 27 in Invocations
  7035 | D        | Got a silver rune of Zot
  7260 | D        | Noticed a bone dragon
  7280 | D        | Killed a bone dragon
  7284 | D        | Noticed a deep elf master archer
  7294 | D        | Killed a deep elf master archer
  7329 | D        | Reached XP level 17. HP: 183/191 MP: 33/33
  7332 | D        | Noticed a royal mummy
  7346 | D        | Killed a royal mummy
  7601 | D        | Noticed an ancient lich
  7612 | D        | Killed an ancient lich
  7628 | D        | Noticed Tojel the pandemonium lord
  7642 | D        | Noticed a Tzitzimitl
  7653 | D        | Noticed a titan
  7658 | D        | Killed a titan
  7662 | D        | Killed Tojel the pandemonium lord
  7663 | D        | Reached skill level 27 in Armour
  7847 | D        | Noticed a Brimstone Fiend
  7851 | D        | Killed a Brimstone Fiend
  7928 | D        | Noticed a pearl dragon
  7936 | D        | Killed a pearl dragon
  7942 | D        | Reached skill level 27 in Shields
  8033 | D        | Noticed a golden dragon
  8039 | D        | Killed a golden dragon
  8043 | D        | Noticed a royal mummy
  8053 | D        | Killed a royal mummy
  8067 | D        | Noticed an electric golem
  8073 | D        | Killed an electric golem
  8085 | D        | Reached skill level 27 in Dodging
  8106 | D        | Noticed Mennas
  8106 | D        | Noticed a pearl dragon
  8107 | D        | Killed a pearl dragon
  8118 | D        | Killed Mennas
  8125 | D        | Noticed a tentacled monstrosity
  8129 | D        | Killed a tentacled monstrosity
  8214 | D        | Noticed Dispater
  8220 | D        | Noticed a Hell Sentinel
  8231 | D        | Noticed a Hell Sentinel
  8255 | D        | Noticed a Hell Sentinel
  8265 | D        | Noticed a Hell Sentinel
  8269 | D        | Noticed a Hell Sentinel
  8279 | D        | Killed Dispater
  8640 | D        | Noticed a titan
  8640 | D        | Noticed a Hell Sentinel
  8642 | D        | Noticed an electric golem
  8650 | D        | Killed a titan
  8654 | D        | Noticed a titan
  8666 | D        | Killed an electric golem
  8668 | D        | Noticed a titan
  8672 | D        | Noticed Ketaasac the pandemonium lord
  8677 | D        | Killed a Hell Sentinel
  8680 | D        | Noticed an electric golem
  8700 | D        | Killed a titan
  8700 | D        | Killed Ketaasac the pandemonium lord
  8702 | D        | Killed a titan
  8705 | D        | Killed an electric golem
  8707 | D        | Noticed a quicksilver dragon
  8722 | D        | Killed a quicksilver dragon
  8836 | D        | Noticed Xtahua
  8847 | D        | Killed Xtahua
  8968 | D        | Noticed a royal mummy
  8973 | D        | Noticed Khufu
  8973 | D        | Noticed an Ice Fiend
  8976 | D        | Noticed a royal mummy
  8987 | D        | Killed a royal mummy
  8988 | D        | Reached skill level 27 in Throwing
  9005 | D        | Killed an Ice Fiend
  9087 | D        | Killed Khufu
  9088 | D        | Reached skill level 10 in Evocations
  9088 | D        | Reached XP level 18. HP: 49/200 MP: 28/34
  9117 | D        | Killed a royal mummy
  9605 | D        | Got an iron rune of Zot
  9637 | D        | Got the +9 broad axe "Uluylail" {drain, rC+++ rCorr Dex+4
                  | SInv}
  9653 | D        | Got the +11 broad axe of Growth {flame, rF+ rN+ Dex+2}
  9687 | D        | Got the ring "Mofo Yfe" {Wiz rPois rF- rN+ Dex+4}
  9689 | D        | Got the ring of the Gastropod {rPois rC+ Int-4 Dex+2}
  9691 | D        | Got the amulet of Syndicalism {Reflect rF+ SH+5}
  9693 | D        | Got the ring "Cisuhutz" {Contam rElec rPois rCorr}
  9696 | D        | Got the amulet "Bames" {Spirit Rampage Fragile Will++
                  | Stlth-}
  9699 | D        | Got the ring of Jealousy {rF+ Will+ AC+4 SInv}
  9703 | D        | Got the amulet of Fukeofie {Spirit rC+}
  9705 | D        | Got the ring of Cowardice {*Slow Fly rPois rC+++ Will+}
  9709 | D        | Got the ring "Sazoatey" {Will+ AC+4 Stlth+}
  9712 | D        | Got the ring "Axeskaor" {rPois rF+ Int+4 Dex-3 Slay+3}
  9714 | D        | Got the +7 battleaxe of Patterns {antimagic, rElec Str+6}
  9747 | D        | Gained mutation: You are vulnerable to heat. (rF-)
                  | [mutagenic glow]
  9751 | D        | Lost mutation: You are vulnerable to heat. (rF-) [potion of
                  | mutation]
  9751 | D        | Gained mutation: Your mind is acute. (Int +4, Str/Dex -1)
                  | [potion of mutation]
  9751 | D        | Gained mutation: You are robust. (+10% HP) [potion of
                  | mutation]
 10003 | D        | Reached skill level 5 in Maces & Flails
 10070 | D        | Noticed Mara
 10070 | D        | Noticed a curse toe
 10071 | D        | Killed Mara
 10072 | D        | Killed a curse toe
 10077 | D        | Noticed a golden dragon
 10078 | D        | Killed a golden dragon
 10079 | D        | Reached skill level 15 in Evocations
 10079 | D        | Reached skill level 5 in Polearms
 10134 | D        | Reached skill level 10 in Maces & Flails
 10144 | D        | Found the +13 sceptre of Asmodeus
 10144 | D        | Noticed Asmodeus
 10162 | D        | Reached skill level 10 in Polearms
 10184 | D        | Killed Asmodeus
 10220 | D        | Reached skill level 15 in Maces & Flails
 10227 | D        | Found the +2 hood of the Assassin {Detect Stab+ Stlth++}
 10251 | D        | Noticed a pearl dragon
 10262 | D        | Killed a pearl dragon
 10263 | D        | Reached skill level 15 in Polearms
 10425 | D        | Got the ring "Iloykk" {rF+ rN+++ Will- rCorr MP+9}
 10427 | D        | Got the ring of Deavob Feku {rPois rF+ Int+6}
 10531 | D        | Noticed Horphyino the pandemonium lord
 10534 | D        | Killed Horphyino the pandemonium lord
 10700 | D        | Identified the +8 tower shield of the Zealous Slorg {rElec
                  | rCorr}
 10700 | D        | Identified the +1 tower shield of Cynicism {rElec rF- rN+}
 10711 | D        | Reached XP level 19. HP: 134/227 MP: 26/35
 10910 | D        | Noticed a pearl dragon
 10930 | D        | Killed a pearl dragon
 11133 | D        | Identified the +7 trident of Kottuehy {spect, rPois Int+2}
 11768 | D        | Identified the +0 leather armour "Tuogg" {Str+6}
 12259 | D        | Got Sif Muna's Compendium of Bad Luck and Sculpting
 12280 | D        | Got a golden rune of Zot
 12283 | D        | Got the Vellum of the Airy Pyromaniac
 12322 | D        | Got the +0 pair of boots of the Sea {Will+}
 12391 | D        | Gained mutation: You occasionally lose the ability to drink
                  | potions when taking damage. [mutagenic glow]
 12504 | D        | Noticed Jory
 12504 | D        | Noticed a Brimstone Fiend
 12519 | D        | Noticed a curse toe
 12520 | D        | Killed a Brimstone Fiend
 12521 | D        | Reached skill level 27 in Maces & Flails
 12524 | D        | Reached skill level 27 in Polearms
 12534 | D        | Killed a curse toe
 12535 | D        | Noticed a bone dragon
 12546 | D        | Killed Jory
 12548 | D        | Killed a bone dragon
 12549 | D        | Reached XP level 20. HP: 81/237 MP: 36/36
 12555 | D        | Noticed Umuodish the pandemonium lord
 12577 | D        | Killed Umuodish the pandemonium lord
 12814 | D        | Reached skill level 27 in Evocations
 12814 | D        | Reached skill level 1 in Staves
 12824 | D        | Reached skill level 1 in Spellcasting
 12839 | D        | Noticed Ereshkigal
 12847 | D        | Noticed Ihur the pandemonium lord
 12862 | D        | Paralysed by Ereshkigal for 4 turns
 12866 | D        | HP: 10/237 [Ereshkigal (4)]
 12875 | D        | Killed Ihur the pandemonium lord
 12891 | D        | Killed Ereshkigal
 12892 | D        | Reached skill level 5 in Spellcasting
 13268 | D        | Reached skill level 10 in Staves
 13282 | D        | Noticed Margery
 13290 | D        | Noticed Frederick
 13294 | D        | Noticed a royal mummy
 13296 | D        | Noticed a profane servitor
 13299 | D        | Killed a royal mummy
 13299 | D        | Killed a profane servitor
 13299 | D        | Noticed an orb of fire
 13300 | D        | Reached skill level 15 in Staves
 13303 | D        | Killed Frederick
 13303 | D        | Killed an orb of fire
 13304 | D        | Reached skill level 27 in Axes
 13306 | D        | Killed Margery
 13335 | D        | Noticed a pearl dragon
 13338 | D        | Noticed a royal mummy
 13348 | D        | Killed a pearl dragon
 13353 | D        | Killed a royal mummy
 13709 | D        | Noticed the Royal Jelly
 13709 | D        | Noticed Dissolution
 13709 | D        | Noticed Idozasin the pandemonium lord
 13709 | D        | Noticed a golden dragon
 13710 | D        | Killed Idozasin the pandemonium lord
 13710 | D        | Killed Dissolution
 13710 | D        | Killed a golden dragon
 13710 | D        | Killed the Royal Jelly
 13711 | D        | Reached skill level 27 in Staves
 13711 | D        | Noticed Dautoeg the pandemonium lord
 13711 | D        | Noticed a curse toe
 13712 | D        | Reached skill level 5 in Stealth
 13712 | D        | Reached skill level 10 in Unarmed Combat
 13719 | D        | Killed a curse toe
 13719 | D        | Killed Dautoeg the pandemonium lord
 13722 | D        | Noticed Byseam the pandemonium lord
 13725 | D        | Killed Byseam the pandemonium lord
 13726 | D        | Noticed a golden dragon
 13759 | D        | Killed a golden dragon
 13760 | D        | Reached XP level 21. HP: 161/246 MP: 8/37
 13776 | D        | Found the +4 dragonskin cloak
 13776 | D        | Noticed Tiamat
 13782 | D        | Reached skill level 10 in Stealth
 13782 | D        | Reached skill level 10 in Spellcasting
 13796 | D        | Killed Tiamat
 14029 | D        | Got the Orb of Zot
 14216 | D        | Escaped with the Orb!

Illustrated notes

Levels and vault maps discovered:
D:        pitsprint [storerooms_1, entrance_room_1, metal_vault_3, armoury_2,
          mini_pit_1, grid_room_1, main_hall_1, silver_pit, the_coven_3,
          the_vestibule_1, steel_vault_2, golden_pit, hallway_of_sentries,
          crystal_vault_3, iron_vault_2, final_vault]

Skill      XL: |  1  2  3  4  5  6  7  8  9 10 11 12 13 14 15 16 17 18 19 20 21 |
---------------+----------------------------------------------------------------+-----
Armour         | 4 5 6 7 8 10 11 15 18 20 23 26 27 | 27.0
Shields        | 4 5 6 7 8 10 13 18 22 25 27 | 27.0
Fighting       | 4 5 6 7 8 10 12 14 15 16 18 20 23 25 27 | 27.0
Axes           | 3 5 7 8 10 11 13 17 18 21 27 | 27.0
Invocations    | 1 3 4 5 6 8 9 11 14 18 19 21 23 25 27 | 27.0
Dodging        | 3 5 8 10 11 14 17 19 22 24 27 | 27.0
Throwing       | 6 12 16 27 | 27.0
Evocations     | 4 5 10 20 26 27 | 27.0
Maces & Flails | 18 27 | 27.0
Polearms       | 17 27 | 27.0
Staves         | 27 | 27.0
Spellcasting   | 9 11 | 11.9
Stealth        | 8 12 | 12.7
Unarmed Combat | 13 20 | 20.5

Action                     |  1- 3 |  4- 6 |  7- 9 | 10-12 | 13-15 | 16-18 | 19-21 || total
---------------------------+-------+-------+-------+-------+-------+-------+-------++-------
  Melee: War axe           |    30 |    49 |    71 |   162 |       |       |       ||   312
         Headbutt          |     4 |    10 |    17 |    36 |   141 |   201 |   125 ||   534
         Broad axe         |       |       |       |    15 |   465 |   653 |   521 ||  1654
  Throw: Javelin           |       |       |       |       |     7 |     8 |     2 ||    17
         Dart              |       |       |       |       |     3 |       |       ||     3
 Invoke: Upheaval          |       |       |     3 |     9 |    26 |     9 |    12 ||    59
         Elemental Force   |       |       |       |     1 |       |     1 |     1 ||     3
         Disaster Area     |       |       |       |     1 |     7 |     8 |    21 ||    37
    Use: Potion            |       |       |     3 |     5 |    14 |    27 |    10 ||    59
         Scroll            |       |       |       |     5 |     8 |    10 |     3 ||    26
   Stab: Paralysed         |       |       |       |       |       |     1 |       ||     1
 Armour: Scale mail        |    20 |       |       |       |       |       |       ||    20
         Chain mail        |       |    23 |    37 |    51 |     9 |       |       ||   120
         Gold dragon scale |       |       |       |       |   174 |   179 |    74 ||   427
  Dodge: Dodged            |    20 |    10 |    21 |    51 |    99 |   164 |    63 ||   428
         Repelled          |       |       |       |     1 |     4 |    12 |     6 ||    23
  Block: Buckler           |    14 |    28 |    45 |   104 |    13 |       |       ||   204
         Kite shield       |       |       |       |       |   367 |   417 |       ||   784
         Tower shield      |       |       |       |       |       |    93 |   728 ||   821
         Reflection        |       |       |       |       |       |     3 |    18 ||    21

Table legend: (Time is in decaauts) A = Elapsed time spent in this place. B = Non-inter-level travel time spent in this place. C = Inter-level travel time spent in this place. D = Time resting spent in this place. E = Time spent auto-exploring this place. F = Levels seen in this place. G = Mean time per level. A B C D E F G +--------+--------+--------+--------+--------+-----+--------+ Total | 13660 | 13527 | 133 | 6865 | 19 | 1 | 13660.0 | Dungeon | 13660 | 13527 | 133 | 6865 | 19 | 1 | 13660.0 | +--------+--------+--------+--------+--------+-----+--------+

Top non-repeatable levels by time:
       D: 13660 daAuts
